 Dungeon Crawl Stone Soup version 0.17.1-3-g152610e (webtiles) character file.

396 Jerry the Gusty (level 6, -3/45 HPs)
             Began as a Draconian Air Elementalist on Mar 28, 2016.
             Slain by an ogre
             ... wielding a +0 giant spiked club
              (31 damage)
             ... on level 6 of the Dungeon.
             The game lasted 00:23:04 (3768 turns).

Jerry the Gusty (Draconian Air Elementalist)        Turns: 3768, Time: 00:23:05

Health: -3/45      AC:  6    Str: 10    XL:     6   Next: 52%
Magic:  4/9        EV: 12    Int: 17    God:
Gold:   164        SH:  0    Dex: 12    Spells: 2 memorised, 6 levels left

rFire  . . .     SeeInvis .     c - +0 mace
rCold  . . .     Clarity  .     (armour unavailable)
rNeg   . . .     SustAt   .     (no shield)
rPois  .         Gourm    .     (helmet restricted)
rElec  .         Spirit   .     (no cloak)
rCorr  .         Warding  .     (no gloves)
rMut   +         Stasis   .     (no boots)
MR     .....                    j - amulet of resist mutation
Stlth  ++........               (no ring)
                                (no ring)

@: not resistant to hostile enchantments, unstealthy
A: unfitting armour, cold-blooded, AC +6
a: no special abilities


You were on level 6 of the Dungeon.
You were hungry.

You visited 1 branch of the dungeon, and saw 6 of its levels.

You collected 164 gold pieces.

Inventory:

Hand Weapons
 c - a +0 mace (weapon)
Jewellery
 j - an amulet of resist mutation (around neck)
Scrolls
 d - 4 scrolls of identify {unknown}
 h - 5 scrolls of remove curse {unknown}
 i - 2 scrolls of blinking {unknown}
 l - a scroll of fog {unknown}
 m - a scroll of recharging {unknown}
 o - 2 scrolls of teleportation {unknown}
Potions
 e - 2 potions of poison {unknown}
 f - a potion of resistance {unknown}
 g - 2 potions of curing {unknown}
 k - 2 potions of heal wounds {unknown}
 n - 2 potions of lignification {unknown}
 p - a potion of cancellation {unknown}
 r - a potion of degeneration {unknown}
 s - a potion of berserk rage {unknown}
 t - a potion of invisibility {unknown}
 v - 2 potions of might {unknown}
Books
 a - a book of Air

   Spells                             Type                      Level
   a - Shock                          Conjuration/Air              1
   b - Swiftness                      Charms/Air                   2
   c - Repel Missiles                 Charms/Air                   2
   d - Static Discharge               Conjuration/Air              3
   e - Lightning Bolt                 Conjuration/Air              5
Comestibles
 b - 3 bread rations
 q - 2 meat rations
 u - a chunk of flesh


   Skills:
 - Level 1.7 Dodging
 - Level 1.7 Stealth
 - Level 2.0 Spellcasting
 - Level 4.0 Conjurations
 + Level 6.2 Air Magic


You had 6 spell levels left.
You knew the following spells:

 Your Spells              Type           Power        Failure   Level  Hunger
a - Shock                 Conj/Air       ###.         2%          1    #......
b - Swiftness             Chrm/Air       ##......     10%         2    ###....


Dungeon Overview and Level Annotations

Branches:
Dungeon (7/15)
 Temple: D:4-7

Altars:
Zin

Shops:
D:5 (


Innate Abilities, Weirdness & Mutations

Your plain brown scales are hard (AC +6).
Your body does not fit into most forms of armour.
You are cold-blooded and may be slowed by cold attacks.


Message History

The ogre hits you with a giant spiked club!
An ice beast comes into view.
Casting: Shock
Confirm with . or Enter, or press ? or * to list all spells.
Aiming: Shock
Press: ? - help, Shift-Dir - straight line, f/p - ogre
Aim: an ogre, wielding a giant spiked club (severely wounded)
The zap hits the ogre.
The ogre is almost dead.
The zap hits the centaur.
The centaur is severely wounded.
The zap hits the adder.
The adder is heavily wounded.
The zap hits the jelly.
The jelly is heavily wounded.
The zap hits the ice beast.
The ice beast is lightly wounded.
The ogre hits you with a giant spiked club!!
Ouch! That really hurt!
You die...

############# #............
.(. #.########### #Y#.#
##.### #.#.# ...(.# #J#.#
##.#.# #S#.# #.#.# #c#.#
#.#.# #O#.########
##.#.####### #@#.#......#
.....#.....# #.#.#.####.#
...###.....#####'#.#......#
...###.....#..............#
..>'.'.....'..............+
...###.....#..............#
##.# #.....####...........#
#.# #...............######
#.# ######.#######+##


You could see an ice beast, an ogre, a centaur, a jelly and an adder.

Vanquished Creatures
  An ogre (D:3)
  A scorpion (D:3)
  A hound (D:5)
  2 orc wizards (D:3)
  Natasha (thrice) (D:3)
  8 adders
  A worm (D:3)
  11 orcs (D:3)
  4 giant cockroaches
  4 goblins
  9 hobgoblins
  4 jackals (D:3)
  A ball python (D:3)
  9 bats
  A giant cockroach zombie (D:3)
  2 giant geckos
  3 giant newts (D:1)
  8 kobolds
  6 rats
79 creatures vanquished.

Notes
Turn   | Place    | Note
--------------------------------------------------------------
     0 | D:1      | Jerry the Draconian Air Elementalist began the quest for the Orb.
     0 | D:1      | Reached XP level 1. HP: 14/14 MP: 3/3
   386 | D:1      | Reached XP level 2. HP: 20/20 MP: 0/5
  1091 | D:2      | Reached XP level 3. HP: 24/26 MP: 3/6
  1537 | D:2      | Reached skill level 4 in Air Magic
  1895 | D:2      | Reached XP level 4. HP: 33/33 MP: 4/7
  2371 | D:3      | Found a glowing silver altar of Zin.
  2371 | D:3      | Noticed an ogre
  2527 | D:3      | Reached XP level 5. HP: 9/38 MP: 0/8
  2553 | D:3      | Noticed Natasha
  2568 | D:3      | Killed Natasha
  2568 | D:3      | Reached skill level 5 in Air Magic
  3040 | D:3      | Noticed Natasha
  3042 | D:3      | Killed Natasha
  3048 | D:3      | Killed an ogre
  3048 | D:3      | Reached XP level 6. HP: 37/45 MP: 0/9
  3227 | D:3      | Noticed Natasha
  3228 | D:3      | Killed Natasha
  3381 | D:3      | Reached skill level 6 in Air Magic
  3408 | D:3      | Learned a level 2 spell: Swiftness
  3524 | D:3      | You fall through a shaft for 2 floors!
  3524 | D:5      | Entered Level 5 of the Dungeon
  3524 | D:5      | Found Kamasyno's Antique Weapon Shoppe.
  3617 | D:5      | You fall through a shaft for 2 floors!
  3768 | D:6      | Slain by an ogre

Action                   |  1- 3 |  4- 6 || total
-------------------------+-------+-------++-------
Melee: Mace              |    20 |    19 ||    39
 Cast: Shock             |    73 |   116 ||   189
  Use: Potion            |       |     2 ||     2
  Eat: Chunk             |     4 |     6 ||    10
       Pizza             |       |     1 ||     1
